 Dungeon Crawl Stone Soup version 0.16.1-11-g651b585 (webtiles) character file.

81 Inchmeat the Digger (level 4, 0/24 HPs)
             Began as a Gargoyle Earth Elementalist on Apr 7, 2015.
             Slain by an adder (3 damage)
             ... on level 1 of the Dungeon on Apr 8, 2015.
             The game lasted 00:11:17 (2785 turns).

Inchmeat the Digger (Gargoyle Earth Elementalist)   Turns: 2785, Time: 00:11:17

Health: 0/24       AC:  5    Str: 12    XL:     4   Next: 40%
Magic:  8/8        EV: 12    Int: 16    God:
Gold:   70         SH:  0    Dex: 10    Spells: 2 memorised, 4 levels left

rFire  . . .     SeeInvis .     k - +0 trident
rCold  . . .     Clarity  .     l - +0 animal skin
rNeg   + . .     SustAb   .     (no shield)
rPois  ∞         Gourm    .     (no helmet)
rElec  +         Spirit   .     (no cloak)
rCorr  .         Warding  .     (no gloves)
rMut   .         Stasis   .     (no boots)
MR     .....                    (no amulet)
Stlth  +.........               (no ring)
                                (no ring)

@: not resistant to hostile enchantments, very unstealthy
A: negative energy resistance 1, electricity resistance, unbreathing,
petrification resistance, rot immunity, AC +3
a: no special abilities


You were on level 1 of the Dungeon.
You were hungry.

You visited 1 branch of the dungeon, and saw 2 of its levels.

You collected 70 gold pieces.

Inventory:

Hand weapons
 k - a +0 trident (weapon)
Missiles
 b - 87 stones (quivered)
Armour
 c - a +0 robe
 l - a +0 animal skin (worn)
 m - a +0 helmet
Magical devices
 i - a wand of polymorph (0)
Scrolls
 e - a scroll of magic mapping {unknown}
 g - a scroll of enchant armour {unknown}
Potions
 a - a potion of cancellation {unknown}
 f - 2 potions of curing {unknown}
 h - a potion of haste {unknown}
Books
 d - a book of Geomancy

   Spells                             Type                      Level
   a - Sandblast                      Earth                        1
   b - Stoneskin                      Transmutation/Earth          2
   c - Passwall                       Transmutation/Earth          3
   d - Stone Arrow                    Conjuration/Earth            3
   e - Petrify                        Transmutation/Earth          4
   f - Lee's Rapid Deconstruction     Earth                        5
Comestibles
 j - a chunk of flesh


   Skills:
 + Level 0.7 Fighting
 - Level 1.5 Dodging
 - Level 2.1 Stealth
 + Level 0.8 Unarmed Combat
 + Level 2.4 Spellcasting
 + Level 0.7 Transmutations
 * Level 5.4 Earth Magic


You had 4 spell levels left.
You knew the following spells:

 Your Spells              Type           Power        Failure   Level  Hunger
a - Sandblast             Erth           ###...       1%          1    #......
b - Stoneskin             Trmt/Erth      ##......     10%         2    ###....


Dungeon Overview and Level Annotations

Branches:
Dungeon (2/15)

Altars:
Sif Muna
Trog
Yredelemnul


Innate Abilities, Weirdness & Mutations

You are resistant to torment.
You are immune to poison.
Your stone body is very resilient (AC +3).
You resist negative energy.
You are resistant to electric shocks.
You can survive without breathing.
You are immune to petrification.
You are immune to rotting.


Message History

There is an open door here.
The adder bites you but does no damage. The adder misses you.
The adder barely misses you.
There is a stone staircase leading up here.
The adder bites you but does no damage.
You climb upwards.
There is a stone staircase leading down here.
The adder bites you.
* * * LOW HITPOINT WARNING * * *
The adder bites you.
* * * LOW HITPOINT WARNING * * *
The adder barely misses you.
There is a stone staircase leading down here.
There is a large open door here.
You enter the shallow water.
Moving in this stuff is going to be slow.
The adder closely misses you. The adder bites you.
You die...

...##..........≈≈≈'...##+###+##..
...##..........≈≈≈'...#.......#..
...............≈≈≈#'#'#.#####.###
................≈≈≈≈#...#...#...'
......####....⌠..≈≈≈'.⌠.'.<.###.#
......# #....⌠..≈≈≈'.⌠.'...###.#
......# #..(...≈≈≈≈#...#...#...+
.....## #.....≈≈≈#'###.#####.###
.....# #.....≈@S'...'.......'..
...[.# #.....≈≈≈'>..##'###'##..
...>.# #.....≈≈≈#'#'#≈≈≈≈≈≈≈#'#
###### #.....≈≈≈≈≈≈≈≈≈≈≈≈≈≈≈≈≈≈
#.....≈≈≈≈≈≈≈≈≈≈≈≈≈≈≈≈≈≈
#.....≈≈≈≈≈≈≈≈≈≈≈≈≈≈≈≈≈≈
#.......................
#.##....................
#.##............>.......


You could see an adder.

Vanquished Creatures
  Robin (D:2)
  A gnoll (D:2)
  An adder (D:2)
  A giant mite (D:1)
  A giant gecko (D:1)
  An ooze (D:1)
  2 giant cockroaches (D:1)
  11 goblins
  5 hobgoblins
  7 kobolds
  A quokka (D:2)
  5 bats
  2 giant newts (D:2)
  5 rats
44 creatures vanquished.

Notes
Turn   | Place    | Note
--------------------------------------------------------------
     0 | D:1      | Inchmeat, the Gargoyle Earth Elementalist, began the quest for the Orb.
     0 | D:1      | Reached XP level 1. HP: 10/10 MP: 3/3
   580 | D:1      | Reached skill level 4 in Earth Magic
  1017 | D:1      | Reached XP level 2. HP: 15/15 MP: 2/4
  1558 | D:1      | Learned a level 2 spell: Stoneskin
  1635 | D:1      | Reached XP level 3. HP: 17/19 MP: 0/6
  1914 | D:2      | Reached skill level 5 in Earth Magic
  2013 | D:2      | Noticed Robin
  2040 | D:2      | Reached XP level 4. HP: 24/24 MP: 1/8
  2296 | D:2      | Killed Robin
  2466 | D:2      | Found a basalt altar of Yredelemnul.
  2469 | D:2      | Found a bloodstained altar of Trog.
  2472 | D:2      | Found a deep blue altar of Sif Muna.
  2785 | D:1      | Slain by an adder

Action                   |  1- 3 |  4- 6 || total
-------------------------+-------+-------++-------
Melee: Unarmed           |    79 |    25 ||   104
       Trident           |       |     8 ||     8
 Cast: Sandblast         |    55 |    25 ||    80
       Stoneskin         |     1 |     1 ||     2
 Stab: Sleeping          |       |     1 ||     1
  Eat: Bread ration      |     1 |       ||     1
       Chunk             |       |     2 ||     2
